 Dungeon Crawl Stone Soup version 0.16-a0-3178-g2c88c44 (webtiles) character file.

526 RobertPalmer the Prestidigitator (level 7, -5/43 HPs)
             Began as an Octopode Artificer on Dec 16, 2014.
             Slain by Grinder (6 damage)
             ... while paralysed by something
             ... on level 5 of the Dungeon.
             The game lasted 00:10:10 (5231 turns).

RobertPalmer the Prestidigitator (OpAr)             Turns: 5231, Time: 00:10:10

Health: -5/43      AC:  1    Str: 10    XL:     7   Next: 23%
Magic:  16/16      EV:  2    Int: 15    God:
Gold:   238        SH:  0    Dex: 14    Spells: 0 memorised, 6 levels left

rFire  . . .     SeeInvis .     a - +1 dagger (venom)
rCold  . . .     Clarity  .     (no shield)
rNeg   . . .     SustAb   .     (helmet restricted)
rPois  .         Gourm    .     (no amulet)
rElec  .         Spirit   .     l - ring of wizardry
rCorr  .         Warding  .     (no ring)
rMut   .         Stasis   .     (no ring)
MR     .....                    (no ring)
Stlth  +++.......               (no ring)
                                (no ring)
                                (no ring)
                                (no ring)

@: paralysed, not resistant to hostile enchantments, fairly stealthy
A: almost no armour, amphibious, 8 rings, constrict 8, camouflage 1, gelatinous
body 1
a: no special abilities


You were on level 5 of the Dungeon.
You were not hungry.

You visited 1 branch of the dungeon, and saw 5 of its levels.

You collected 238 gold pieces.


Innate Abilities, Weirdness & Mutations

You cannot wear most types of armour.
You are amphibious.
You can wear up to eight rings at the same time.
You can use your tentacles to constrict many enemies at once.
Your skin changes colour to match your surroundings (Stealth).
Your rubbery body absorbs attacks (AC +1).


   Skills:
 - Level 1.0 Fighting
 - Level 1.0 Short Blades
 + Level 4.6 Dodging
 - Level 1.3 Stealth
 - Level 8.0 Evocations


You had 6 spell levels left.
You didn't know any spells.

Inventory:

Hand weapons
 a - a +1 dagger of venom (weapon)
Missiles
 A - 17 poisoned needles
Armour
 y - a +1 helmet
Jewellery
 l - a ring of wizardry (left tentacle)
 w - an uncursed amulet of guardian spirit {unknown}
Magical devices
 b - a wand of flame (0)
 c - a wand of enslavement (13)
 d - a wand of random effects (5)
 r - a wand of frost (34)
 s - a wand of frost (32)
Scrolls
 e - 3 scrolls of identify
 g - 3 scrolls of amnesia {unknown}
 h - 7 scrolls of remove curse
 i - a scroll of teleportation {unknown}
 k - 2 scrolls of magic mapping {unknown}
 n - a scroll of fear {unknown}
 u - a scroll of immolation {unknown}
 x - a scroll of enchant armour {unknown}
 D - a scroll of random uselessness {unknown}
Potions
 m - a potion of resistance {unknown}
 p - 3 potions of heal wounds {unknown}
 q - a potion of curing
 t - a potion of invisibility {unknown}
 v - 2 potions of restore abilities {unknown}
 z - a potion of berserk rage {unknown}
 B - a potion of might {unknown}
Comestibles
 f - 4 bread rations
 j - 3 fruits
 o - 2 slices of pizza
 C - 4 chunks of flesh {@w1}

Dungeon Overview and Level Annotations

Branches:
Dungeon (5/15)
 Temple: D:4-7

Altars:

Shops:
D:4 }

Annotations:
D:5 Grinder

##+## ##...##
##..%..##
##.......##
#.........###
+...x.....'..
#.........###
##.......##
##.....##
##...## ##'##
#.# ######.##
#.......#


There were no monsters in sight!


Message History

Grinder is heavily wounded.
Grinder hits you!
You writhe in agony.
You writhe in agony.
Evoke which item? (* to show all) (? for menu, Esc to quit)
Zapping:
d - a wand of random effects (7)
Aim: Grinder (heavily wounded) Grinder flickers and vanishes!
Deactivating autopickup; reactivate with Ctrl-A.
This wand has 6 charges left.
Read which item? (? for menu, Esc to quit)
Okay, then.
Drink which item? (? for menu, Esc to quit)
You feel better.
Evoke which item? (* to show all) (? for menu, Esc to quit)
Okay, then.
Something hits you.
You writhe in agony.
You writhe in agony.
You barely miss something. Something hits you!
Evoke which item? (* to show all) (? for menu, Esc to quit)
Zapping:
d - a wand of random effects (6)
The bolt of cold hits something.
This wand has 5 charges left.
You suddenly lose the ability to move!
Pain shoots through your body!
* * * LOW HITPOINT WARNING * * *
Something hits you.
* * * LOW HITPOINT WARNING * * *
You writhe in agony.
* * * LOW HITPOINT WARNING * * *
Something hits you!
* * * LOW HITPOINT WARNING * * *
You writhe in agony.
You die...

Action                   |  1- 3 |  4- 6 |  7- 9 || total
-------------------------+-------+-------+-------++-------
Melee: Short sword       |    54 |       |       ||    54
       Dagger            |    38 |   112 |    10 ||   160
Evoke: Wand              |     3 |    26 |     8 ||    37
  Use: Scroll            |     4 |       |       ||     4
       Potion            |       |       |     1 ||     1
 Stab: Sleeping          |    11 |     7 |       ||    18
       Distracted        |     1 |     1 |       ||     2
       Paralysed         |       |       |     3 ||     3
  Eat: Chunk             |     4 |     9 |       ||    13

Vault maps used:
D:1:      minmay_arrival_checkered_box
D:2:      serial_undead, serial_undead_f, serial_undead_e, serial_undead_e,
          serial_undead_f, first_bread, columned_hall_lemuel
D:3:      uniq_iyjb, uniq_robin
D:4:      serial_shops, nicolae_shop_trees
D:5:      minitemple, st_stairs_14, hex_medium, uniq_grinder

Notes
Turn   | Place    | Note
--------------------------------------------------------------
     0 | D:1      | RobertPalmer, the Octopode Artificer, began the quest for the Orb.
     0 | D:1      | Reached XP level 1. HP: 13/13 MP: 1/1
   295 | D:1      | HP: 1/13 [goblin/club (6)]
   703 | D:1      | Reached skill level 4 in Evocations
   703 | D:1      | Reached XP level 2. HP: 18/18 MP: 3/3
  1198 | D:1      | Reached XP level 3. HP: 23/23 MP: 5/5
  1873 | D:2      | Reached skill level 5 in Evocations
  2378 | D:2      | Reached XP level 4. HP: 21/28 MP: 7/7
  2618 | D:3      | Reached skill level 6 in Evocations
  3003 | D:3      | Reached XP level 5. HP: 29/33 MP: 10/10
  3082 | D:3      | Noticed Ijyb
  3100 | D:3      | Killed Ijyb
  3114 | D:3      | Reached skill level 7 in Evocations
  3451 | D:3      | Noticed Robin
  3556 | D:3      | Killed Robin
  3556 | D:3      | Reached XP level 6. HP: 25/38 MP: 13/13
  4277 | D:4      | Reached skill level 8 in Evocations
  4551 | D:4      | Found Bluwubit's Gadget Shoppe.
  4917 | D:4      | Reached skill level 3 in Dodging
  5061 | D:4      | Reached skill level 4 in Dodging
  5061 | D:4      | Reached XP level 7. HP: 43/43 MP: 16/16
  5168 | D:5      | Entered Level 5 of the Dungeon
  5168 | D:5      | Noticed Grinder
  5228 | D:5      | Paralysed by something for 4 turns
  5231 | D:5      | HP: 1/43 [something (7)]
  5231 | D:5      | Slain by Grinder

Vanquished Creatures
  A black bear (D:4)
  2 scorpions
  A goliath beetle (D:4)
  2 orc wizards (D:3)
  2 worker ants (D:4)
  Ijyb (D:3)
  Robin (D:3)
  3 gnolls (D:3)
  5 adders
  A worm (D:3)
  An adder zombie (D:2)
  A giant gecko (D:2)
  3 oozes
  8 orcs
  2 ball pythons
  13 bats
  A bat skeleton (D:1)
  A bat zombie (D:2)
  2 giant cockroaches (D:4)
  18 goblins
  10 hobgoblins
  4 quokkas
  A giant cockroach zombie (D:2)
  7 giant newts
  A jackal skeleton (D:2)
  7 kobolds
  2 quokka zombies (D:2)
  7 rats
108 creatures vanquished.

Vanquished Creatures (others)
  A goblin (D:3)
  A hobgoblin (D:4)
2 creatures vanquished.

Grand Total: 110 creatures vanquished
